[Event "Titled Tuesday Blitz April 26 Early 2022"]
[White "Paravyan, David"]
[Black "Urazayev, Arystanbek"]
[WhiteFideId "4194985"]
[BlackFideId "13709810"]
[WhiteElo "2569"]
[BlackElo "2422"]
[Result "0-1"]
[Round "10"]
[TimeControl "180+1"]
[Date "2022.04.26"]
[WhiteClock "0:00:25"]
[BlackClock "0:01:21"]

1. e4 c5 2. Nf3 e6 3. d4 cxd4 4. Nxd4 Nf6 5. Nc3 Nc6 6. Nxc6 bxc6 7. e5 Nd5 8. Ne4 Qc7 9. f4 Qb6 10. a3 f5 11. exf6 Nxf6 12. Nxf6+ gxf6 13. Qh5+ Kd8 14. Be2 Qc5 15. Qh4 Be7 16. Bd2 a5 17. Bc3 Rf8 18. O-O-O Rb8 19. Bd4 Qf5 20. g4 Qxf4+ 21. Kb1 e5 22. Bc3 Qa4 23. Ka2 Qxc2 24. Bxa5+ Ke8 25. Rd2 Rxb2+ 26. Ka1 Ra2# 0-1


[Site "https://www.chess.com"]

[Event "Titled Tuesday Blitz April 26 Early 2022"]
[White "Petrovskyi, Vadym"]
[Black "Zhigalko, Sergei"]
[WhiteFideId "14165210"]
[BlackFideId "13502956"]
[WhiteElo "2400"]
[BlackElo "2662"]
[Result "1-0"]
[Round "10"]
[TimeControl "180+1"]
[Date "2022.04.26"]
[WhiteClock "0:00:24"]
[BlackClock "0:00:01"]

1. e4 c5 2. Nf3 Nc6 3. Bb5 Nf6 4. Bxc6 dxc6 5. d3 Bg4 6. h3 Bh5 7. g4 Bg6 8. Nbd2 Nd7 9. Nc4 Qc7 10. a4 b5 11. Ne3 e6 12. b3 Bd6 13. Bb2 f6 14. O-O h5 15. g5 Bf4 16. Ng2 h4 17. axb5 cxb5 18. Ra6 Kf7 19. Re1 Bh5 20. e5 Qb7 21. Nxf4 Bxf3 22. g6+ Kg8 23. Qa1 fxe5 24. Bxe5 Rf8 25. Rxa7 Qc6 26. Bxg7 Rxf4 27. Bxh8 e5 28. Ra6 Nb6 29. Rxe5 Qxg6+ 30. Kf1 Qg2+ 31. Ke1 Qg1+ 32. Kd2 Qxa1 33. Rxa1 Kxh8 34. Rxc5 Bg2 35. Rh5+ Kg7 36. Rg5+ Kf6 37. Rxg2 Nd5 38. Ra6+ Kf5 39. Rh6 Rf3 40. Rxh4 Ke6 41. Rg6+ Kf7 42. Rc6 1-0


[Site "https://www.chess.com"]

[Event "Titled Tuesday Blitz April 26 Early 2022"]
[White "Pham, Tran Gia Phuc"]
[Black "Avazkhonov, Alikhon"]
[WhiteFideId "12415669"]
[BlackFideId "14208504"]
[WhiteElo "1789"]
[BlackElo "1739"]
[Result "1-0"]
[Round "10"]
[TimeControl "180+1"]
[Date "2022.04.26"]
[WhiteClock "0:01:09"]
[BlackClock "0:00:04"]

1. e4 c5 2. Nc3 d6 3. d4 cxd4 4. Qxd4 Nc6 5. Qd2 Nf6 6. b3 e6 7. Bb2 Be7 8. O-O-O O-O 9. f3 a6 10. g4 b5 11. g5 Nd7 12. h4 Bb7 13. Nh3 Qc7 14. h5 Rfd8 15. g6 fxg6 16. hxg6 h6 17. Nf4 Bg5 18. Kb1 Nc5 19. Ncd5 exd5 20. Qxd5+ Kf8 21. Qf5+ Ke8 22. Nd5 Qd7 23. Qxg5 Ne7 24. Bxg7 Bxd5 25. exd5 hxg5 26. Rh8+ Ng8 27. Re1+ Qe7 28. Rxg8+ Kd7 29. Bh3+ Ne6 30. Rxd8+ Rxd8 31. Bxe6+ Kc7 32. Bb2 g4 33. fxg4 Qh4 34. Rf1 Qh3 35. Rf7+ Kb8 36. g7 Qh1+ 37. Bc1 Qh7 38. Rf8 Qxg7 39. Rxd8+ Kc7 40. Rd7+ Qxd7 41. Bxd7 Kxd7 42. g5 1-0


[Site "https://www.chess.com"]

[Event "Titled Tuesday Blitz April 26 Early 2022"]
[White "Piesik, Piotr"]
[Black "Dixit, Nikhil"]
[WhiteFideId "1136194"]
[BlackFideId "5059534"]
[WhiteElo "2190"]
[BlackElo "2223"]
[Result "1-0"]
[Round "10"]
[TimeControl "180+1"]
[Date "2022.04.26"]
[WhiteClock "0:02:40"]
[BlackClock "0:02:00"]

1. Nf3 Nf6 2. g3 g6 3. Bg2 Bg7 4. O-O O-O 5. d4 d6 6. Nbd2 Nc6 7. e4 e5 8. dxe5 Nxe5 9. Nxe5 dxe5 10. Qe2 Qe7 11. Nc4 Bd7 12. a4 Bc6 13. b3 Nd7 14. Ba3 Qe6 15. Bxf8 Rxf8 16. Rfd1 Nc5 17. Qe3 Qe7 18. Na5 1-0


[Site "https://www.chess.com"]

[Event "Titled Tuesday Blitz April 26 Early 2022"]
[White "Popadic, Dragan"]
[Black "Janaszak, Dawid"]
[WhiteFideId "913650"]
[BlackFideId "1119206"]
[WhiteElo "2203"]
[BlackElo "2199"]
[Result "0-1"]
[Round "10"]
[TimeControl "180+1"]
[Date "2022.04.26"]
[WhiteClock "0:00:01"]
[BlackClock "0:00:39"]

1. e4 c5 2. Nc3 e6 3. d3 d5 4. g4 h5 5. g5 h4 6. Nh3 Nc6 7. Bg2 dxe4 8. Nxe4 Nge7 9. O-O Nf5 10. Bf4 Be7 11. c3 Qb6 12. Qe2 Bd7 13. Rfd1 O-O 14. Nf6+ gxf6 15. gxf6 Bxf6 16. Be4 Nce7 17. Kh1 Ng6 18. Rg1 Kg7 19. Rg2 Rg8 20. Rag1 Kf8 21. Bc1 Bc6 22. Ng5 Bxg5 23. Bxg5 h3 24. Rg4 c4 25. f3 cxd3 26. Bxd3 Rh8 27. Bf6 Rh5 28. Be4 Nfe7 29. Bd4 Qc7 30. Rg5 Rxg5 31. Rxg5 e5 32. Be3 Rd8 33. Kg1 Bxe4 34. fxe4 Qc6 0-1


[Site "https://www.chess.com"]

[Event "Titled Tuesday Blitz April 26 Early 2022"]
[White "Pourkashiyan, Atousa"]
[Black "Akrakan"]
[WhiteFideId "12502014"]
[WhiteElo "2247"]
[BlackElo "2095"]
[Result "1-0"]
[Round "10"]
[TimeControl "180+1"]
[Date "2022.04.26"]
[WhiteClock "0:01:59"]
[BlackClock "0:01:32"]

1. e4 c5 2. Nf3 Nc6 3. d4 cxd4 4. Nxd4 Nf6 5. Nc3 d6 6. Bc4 Qa5 7. O-O g6 8. Bd2 Nxd4 9. Nb5 Qb6 10. Be3 e5 11. c3 Bd7 12. cxd4 Bxb5 13. dxe5 Qa6 14. Bxb5+ Qxb5 15. exf6 h5 16. Rc1 Qe5 17. Bd4 Qe6 18. Rc7 Kd8 19. Rxb7 Bh6 20. Qa4 Bd2 21. Bxa7 Qc8 22. Bb6+ 1-0


[Site "https://www.chess.com"]

[Event "Titled Tuesday Blitz April 26 Early 2022"]
[White "Pranav, V"]
[Black "Mirzoev, Azer"]
[WhiteFideId "25060783"]
[BlackFideId "13400304"]
[WhiteElo "2349"]
[BlackElo "2525"]
[Result "1-0"]
[Round "10"]
[TimeControl "180+1"]
[Date "2022.04.26"]
[WhiteClock "0:00:02"]
[BlackClock "0:00:05"]

1. e4 e5 2. Nf3 Nc6 3. Nc3 Bb4 4. Nd5 Ba5 5. Bc4 Nf6 6. O-O O-O 7. d3 h6 8. c3 d6 9. a4 Bb6 10. h3 a6 11. Nh2 Nxd5 12. Bxd5 Be6 13. Bxe6 fxe6 14. Qg4 Qf6 15. Qg3 Kh7 16. Be3 Bxe3 17. fxe3 Qg6 18. Qh4 Rae8 19. b4 Rf7 20. Rxf7 Qxf7 21. b5 Ne7 22. Rf1 Qg6 23. Ng4 Ng8 24. bxa6 bxa6 25. Rb1 Rf8 26. Rb7 Qf7 27. Kh2 Qd7 28. a5 Nf6 29. Ra7 Qc6 30. d4 exd4 31. cxd4 Nxg4+ 32. Qxg4 Rf6 33. h4 Rg6 34. Qf3 Qc2 35. Rxa6 Qc1 36. Ra8 Qe1 37. Qf4 Rf6 38. Qg3 Qe2 39. e5 Rg6 40. Qf3 Qe1 41. h5 Rg5 42. Qe4+ Rf5 43. Qg4 dxe5 44. Qg6# 1-0


[Site "https://www.chess.com"]

[Event "Titled Tuesday Blitz April 26 Early 2022"]
[White "Prieto Aranguren, Alain"]
[Black "Lauridsen, Jesper Morch"]
[WhiteFideId "2268906"]
[BlackFideId "1401890"]
[WhiteElo "2235"]
[BlackElo "2294"]
[Result "1-0"]
[Round "10"]
[TimeControl "180+1"]
[Date "2022.04.26"]
[WhiteClock "0:00:08"]
[BlackClock "0:00:14"]

1. d4 Nf6 2. Bg5 Ne4 3. Bf4 d5 4. Nd2 Nxd2 5. Qxd2 e6 6. e3 Bd6 7. Bg3 O-O 8. Bd3 c5 9. c3 Nc6 10. Nf3 Re8 11. O-O Bxg3 12. fxg3 e5 13. e4 exd4 14. exd5 Qxd5 15. Ng5 f5 16. b3 dxc3 17. Qxc3 Qd4+ 18. Qxd4 Nxd4 19. Rfe1 Be6 20. Nxe6 Nxe6 21. Bc4 Kf7 22. Re5 Kf6 23. Rae1 Nc7 24. R5e2 Rxe2 25. Rxe2 Re8 26. Rd2 b5 27. Be2 Ke6 28. Kf2 a6 29. Bf3 Ke7 30. Ke3 Rd8 31. Rxd8 Kxd8 32. Kf4 g6 33. Kg5 Ke7 34. Kh6 Ne6 35. Kxh7 Kf6 36. h4 c4 37. bxc4 bxc4 38. g4 fxg4 39. Bxg4 c3 40. Bd1 Nd4 41. g4 c2 42. Bxc2 Nxc2 43. g5+ Kf7 44. h5 Nd4 45. hxg6+ Ke7 46. g7 Ne6 47. g8=Q 1-0


[Site "https://www.chess.com"]

[Event "Titled Tuesday Blitz April 26 Early 2022"]
[White "Redor, Menandro"]
[Black "Hartikainen, Jarmo"]
[WhiteFideId "5222010"]
[BlackFideId "503134"]
[WhiteElo "1986"]
[BlackElo "2133"]
[Result "1-0"]
[Round "10"]
[TimeControl "180+1"]
[Date "2022.04.26"]
[WhiteClock "0:00:29"]
[BlackClock "0:00:01"]

1. e4 c5 2. Nf3 Nc6 3. c3 d5 4. exd5 Qxd5 5. d4 cxd4 6. cxd4 Bg4 7. Be2 e6 8. Nc3 Qa5 9. O-O Nf6 10. a3 Be7 11. Be3 O-O 12. b4 Qd8 13. h3 Bh5 14. Rc1 Bd6 15. Bg5 Be7 16. Ne5 Bxe2 17. Nxe2 Nxe5 18. dxe5 Nd5 19. Be3 Nxe3 20. fxe3 Rc8 21. Nd4 Qd5 22. Qh5 g6 23. Qf3 Qxf3 24. Nxf3 Rfd8 25. Nd4 a6 26. Kf2 Bf8 27. Kf3 Bg7 28. Ke4 h6 29. g4 Rxc1 30. Rxc1 Rd5 31. Nf3 a5 32. Rc8+ Kh7 33. Rc7 axb4 34. axb4 Rb5 35. Rxf7 Rxb4+ 36. Nd4 Kh8 37. Re7 Rb6 38. Re8+ Kh7 39. Re7 Rb3 40. Nxe6 Rb4+ 41. Kf3 b5 42. Rxg7+ Kh8 43. Rxg6 Rb1 44. Rxh6+ Kg8 45. Rf6 b4 46. Nd4 b3 47. Rb6 b2 48. Ke4 Rh1 49. Rxb2 Rxh3 50. Rg2 Kg7 51. Rf2 Kg6 52. e6 Rh8 53. Ke5 Re8 54. Kd6 Kg5 55. Kd7 Rh8 56. e7 1-0


[Site "https://www.chess.com"]

[Event "Titled Tuesday Blitz April 26 Early 2022"]
[White "Rom, Jasper"]
[Black "Lakshmi C"]
[WhiteFideId "2023733"]
[BlackFideId "25035347"]
[WhiteElo "2233"]
[BlackElo "1775"]
[Result "1-0"]
[Round "10"]
[TimeControl "180+1"]
[Date "2022.04.26"]
[WhiteClock "0:00:28"]
[BlackClock "0:00:01"]

1. e4 c5 2. Nc3 Nc6 3. f4 d6 4. Nf3 g6 5. Bb5 Bg7 6. O-O Bd7 7. d3 a6 8. Ba4 b5 9. Bb3 e6 10. f5 Nf6 11. fxe6 fxe6 12. Ng5 Nd4 13. e5 dxe5 14. Nce4 Nxb3 15. Nd6+ Ke7 16. Ngf7 Qb6 17. axb3 Rhf8 18. Bg5 Rxf7 19. Nxf7 Kxf7 20. Qf3 c4+ 21. Kh1 Bc6 22. Qg3 Qd8 23. Qxe5 h6 24. Bxf6 Bxg2+ 25. Kxg2 Bxf6 26. Rxf6+ Qxf6 27. Rf1 Qxf1+ 28. Kxf1 cxd3 29. cxd3 Ra7 30. Qf4+ Kg8 31. Qxh6 Rf7+ 32. Ke2 Rf6 33. h4 Kf7 34. Qh7+ Kf8 35. Qb7 Rf5 1-0


[Site "https://www.chess.com"]

[Event "Titled Tuesday Blitz April 26 Early 2022"]
[White "Rosenberg, Evan S"]
[Black "Blokhin, Sofia"]
[WhiteFideId "2019299"]
[BlackFideId "4508190"]
[WhiteElo "2328"]
[BlackElo "1764"]
[Result "1-0"]
[Round "10"]
[TimeControl "180+1"]
[Date "2022.04.26"]
[WhiteClock "0:00:27"]
[BlackClock "0:00:09"]

1. Nf3 e6 2. c4 d5 3. g3 Nf6 4. d4 Be7 5. Bg2 O-O 6. O-O dxc4 7. Qc2 c5 8. dxc5 Bxc5 9. Qxc4 Bb6 10. Nc3 Nc6 11. Bg5 h6 12. Bf4 Qe7 13. Rad1 e5 14. Bd2 Be6 15. Qh4 Rad8 16. h3 Nd4 17. Nxe5 Nf5 18. Qf4 g5 19. Qf3 Bc8 20. Ng4 Nh5 21. Nxh6+ Nxh6 22. Qxh5 Rxd2 23. Rxd2 Kg7 24. Nd5 Qe5 25. Nxb6 axb6 26. Rd5 Qxb2 27. Rxg5+ Kh7 28. Be4+ f5 29. Qg6+ Kh8 30. Qxh6# 1-0


[Site "https://www.chess.com"]

[Event "Titled Tuesday Blitz April 26 Early 2022"]
[White "Rottenwohrer Suarez, Juan"]
[Black "De Arruda, Leandro Formes"]
[WhiteFideId "32068182"]
[BlackFideId "22722009"]
[WhiteElo "2158"]
[BlackElo "1852"]
[Result "1-0"]
[Round "10"]
[TimeControl "180+1"]
[Date "2022.04.26"]
[WhiteClock "0:00:07"]
[BlackClock "0:00:18"]

1. Nf3 d5 2. g3 g6 3. Bg2 Bg7 4. d4 Nf6 5. O-O O-O 6. c4 c6 7. cxd5 cxd5 8. Nc3 Nc6 9. Ne5 Re8 10. Nxc6 bxc6 11. Na4 e5 12. dxe5 Rxe5 13. Bf4 Re8 14. Rc1 Ba6 15. Re1 Bb5 16. Nc5 Nd7 17. Nb7 Qb6 18. Nd6 Re6 19. Bh3 f5 20. Nxb5 Qxb5 21. b3 Nf6 22. Qd3 Qa5 23. Qc2 Ne4 24. Bf1 Qb6 25. Be3 d4 26. Qc4 Re8 27. Bf4 d3 28. Be3 Qa5 29. exd3 Ng5 30. Bxg5 Be5 31. b4 Qc7 32. Bf4 Kg7 33. Rxe5 Rxe5 34. Bxe5+ Qxe5 35. Qc3 Kf6 36. Qxe5+ Kxe5 37. Kg2 Kd4 38. h4 Rc8 39. Rc4+ Kd5 40. Rc5+ Kd6 41. Be2 Rb8 42. Bf3 Rxb4 43. Rxc6+ Kd7 44. Ra6 Rd4 45. Rxa7+ Ke6 46. Rxh7 Rxd3 47. Rg7 Kf6 48. Rb7 Ra3 49. Rb2 g5 50. Rb6+ Ke5 51. hxg5 Rxa2 52. g6 Ra7 53. Rb7 Ra6 54. g7 Rg6 55. Bh5 Rg5 56. f4+ Kf6 57. fxg5+ Kxg5 58. g8=Q+ Kh6 59. Qg6# 1-0


[Site "https://www.chess.com"]

[Event "Titled Tuesday Blitz April 26 Early 2022"]
[White "Rustemov, Alexander"]
[Black "Jaferian, Koosha"]
[WhiteFideId "4119002"]
[BlackFideId "12507440"]
[WhiteElo "2835"]
[BlackElo "2030"]
[Result "0-1"]
[Round "10"]
[TimeControl "180+1"]
[Date "2022.04.26"]
[WhiteClock "0:00:01"]
[BlackClock "0:00:11"]

1. d4 Nf6 2. c4 e6 3. Nf3 b6 4. a3 Ba6 5. Qc2 Bb7 6. Nc3 c5 7. dxc5 bxc5 8. Bf4 d6 9. e3 Be7 10. h3 a6 11. Be2 Qc7 12. O-O O-O 13. Rfd1 Rd8 14. Nd2 Nbd7 15. Bf3 Nf8 16. Bxb7 Qxb7 17. Nde4 Nxe4 18. Nxe4 Qc6 19. Rd2 f5 20. Nc3 Ra7 21. Rad1 Rad7 22. Bg3 g6 23. e4 Bf6 24. exf5 gxf5 25. Ne2 Kf7 26. b4 Ng6 27. Qd3 d5 28. bxc5 Qxc5 29. Qb3 d4 30. Nc1 e5 31. Nd3 Qe7 32. f3 e4 33. fxe4 fxe4 34. Re2 Kg7 35. Rde1 e3 36. Rf1 Rb7 37. Qa4 Qe4 38. Nc5 Qe7 39. Nxb7 Qxb7 40. Kh1 Qe4 41. Rfe1 Re8 42. Qxa6 Bg5 43. Qa7+ Kh6 44. Bh2 d3 45. c5 dxe2 46. Rxe2 Nf4 47. Bxf4 Bxf4 48. Qd7 Qb1+ 0-1


[Site "https://www.chess.com"]

[Event "Titled Tuesday Blitz April 26 Early 2022"]
[White "Saim, Mohamed Ilias"]
[Black "Fernandez Hernandez, Gerardo"]
[WhiteFideId "7900465"]
[BlackFideId "2207400"]
[WhiteElo "2006"]
[BlackElo "2169"]
[Result "0-1"]
[Round "10"]
[TimeControl "180+1"]
[Date "2022.04.26"]
[WhiteClock "0:00:02"]
[BlackClock "0:00:30"]

1. d4 Nf6 2. Nf3 g6 3. e3 Bg7 4. Be2 O-O 5. c4 d6 6. O-O Nbd7 7. Nc3 e5 8. b4 e4 9. Nd2 Re8 10. a4 Nf8 11. b5 h5 12. Qb3 N8h7 13. a5 Ng4 14. h3 Qh4 15. Ndxe4 Bf5 16. Bf3 Ng5 17. Nxg5 Qxg5 18. hxg4 hxg4 19. e4 Qh5 20. exf5 gxf3 21. gxf3 Qxf3 22. Be3 Bf6 23. Qd1 Rxe3 24. fxe3 Qg3+ 25. Kh1 Kg7 26. Qh5 Rh8 27. Qxh8+ Kxh8 28. fxg6 Qxg6 29. Nd5 Bd8 30. Rf2 Qe4+ 31. Kg1 c6 32. bxc6 bxc6 33. Rh2+ Kg7 34. Rg2+ Kf8 35. Re2 cxd5 36. cxd5 Qxd5 37. Rf1 Bxa5 38. Ref2 Bb4 39. Rb2 Qg5+ 40. Kf2 Qh4+ 41. Ke2 Qh2+ 42. Rf2 Qh5+ 43. Kd3 Qb5+ 44. Kc2 Qc4+ 45. Kb1 a5 46. Ka1 Qc1+ 47. Ka2 Qc4+ 48. Ka1 a4 49. Rfc2 Bc3 0-1


[Site "https://www.chess.com"]

[Event "Titled Tuesday Blitz April 26 Early 2022"]
[White "Samaganova, Aleksandra"]
[Black "Bachmann, Axel"]
[WhiteFideId "13800221"]
[BlackFideId "3700488"]
[WhiteElo "1859"]
[BlackElo "2587"]
[Result "0-1"]
[Round "10"]
[TimeControl "180+1"]
[Date "2022.04.26"]
[WhiteClock "0:00:01"]
[BlackClock "0:00:05"]

1. c4 Nf6 2. Nc3 g6 3. g3 Bg7 4. Bg2 c5 5. e4 d6 6. Nge2 O-O 7. d3 Nc6 8. O-O Nd7 9. a3 a6 10. Rb1 Rb8 11. b4 cxb4 12. axb4 Nd4 13. Nxd4 Bxd4 14. Ne2 Bg7 15. b5 axb5 16. Rxb5 Nc5 17. Be3 Bd7 18. Rb1 b5 19. d4 Ne6 20. Qd3 bxc4 21. Qxc4 Qa5 22. Rxb8 Rxb8 23. h3 Bb5 24. Qc2 Bxe2 25. Qxe2 Nxd4 26. Bxd4 Bxd4 27. Rd1 Qc5 28. Rd2 Rb1+ 29. Kh2 Kg7 30. h4 h5 31. Qd3 Rb4 32. Qe2 Be5 33. Rc2 Qd4 34. Rd2 Qa1 35. Rd1 Qa4 36. Rd2 Qd7 37. Bh3 Qb5 38. Qxb5 Rxb5 39. Bg2 Rc5 40. Bf3 Bc3 41. Ra2 Kf6 42. Kg2 Bd4 43. Rd2 Be5 44. Ra2 Rc1 45. Rd2 Bc3 46. Ra2 Bb4 47. Rb2 Bc5 48. Rd2 Rc3 49. Ra2 Ke6 50. Re2 Ke5 51. Ra2 e6 52. Rd2 Bd4 53. Ra2 Rc7 54. Ra5+ Kf6 55. Ra2 Rc5 56. Rd2 Be5 57. Ra2 d5 58. exd5 exd5 59. Ra6+ Kg7 60. Ra2 Bf6 61. Rd2 d4 62. Be4 Be5 63. Rd3 Ra5 64. Bf3 Ra2 65. Be4 Rb2 66. Bf3 Kf6 67. Be4 Ke6 68. Bf3 f5 69. Ra3 Bd6 70. Ra6 d3 71. Ra4 d2 72. Rd4 Bb4 73. Rd3 Ke5 74. Rd5+ Ke6 75. Rd8 Be7 76. Rd3 Kf6 77. Rd5 Bb4 78. Rd7 Rb1 79. Rd8 Ke7 80. Rd3 Ke6 81. Rd8 Bd6 82. Re8+ Kd7 0-1


[Site "https://www.chess.com"]

[Event "Titled Tuesday Blitz April 26 Early 2022"]
[White "Samunenkov, Ihor"]
[Black "Safarli, Eltaj"]
[WhiteFideId "14187086"]
[BlackFideId "13402129"]
[WhiteElo "2409"]
[BlackElo "2634"]
[Result "0-1"]
[Round "10"]
[TimeControl "180+1"]
[Date "2022.04.26"]
[WhiteClock "0:00:02"]
[BlackClock "0:00:48"]

1. d4 Nf6 2. c4 e6 3. Nf3 d5 4. g3 Be7 5. Bg2 O-O 6. Qc2 c5 7. dxc5 Qa5+ 8. Nc3 Qxc5 9. cxd5 Nxd5 10. Bd2 Nc6 11. O-O Nf6 12. Rac1 Bd7 13. Bf4 Rac8 14. Qb1 Qh5 15. Ne4 e5 16. Nxf6+ Bxf6 17. Be3 Bf5 18. Qa1 Rfe8 19. Nd2 Qxe2 20. Rfe1 Qa6 21. Ne4 Be7 22. Nc5 Bxc5 23. Rxc5 f6 24. Rec1 Rcd8 25. a3 Qa4 26. b4 Qb3 27. b5 Nd4 28. Bxd4 Rxd4 29. Bxb7 Red8 30. Qc3 Qe6 31. Rc8 h5 32. Rxd8+ Rxd8 33. Qc7 Qd6 34. Qxd6 Rxd6 35. a4 Rd4 36. a5 Rb4 37. Bd5+ Kh7 38. Rc5 Bh3 39. Rc1 Rxb5 40. Be4+ Kh6 41. a6 Ra5 42. Bb7 Bf5 43. f4 exf4 44. gxf4 Bd3 45. Rc6 Be4 46. Rc7 Bxb7 47. axb7 Rb5 48. f5 h4 49. Kg2 Rb3 50. h3 a5 51. Kf2 a4 52. Ke2 a3 53. Rc8 Rxb7 54. Kf3 Kg5 55. Ra8 Rb3+ 56. Ke4 Rxh3 0-1


[Site "https://www.chess.com"]

[Event "Titled Tuesday Blitz April 26 Early 2022"]
[White "Sargissyan, Sargis"]
[Black "Laohawirapap, Prin"]
[WhiteFideId "13303210"]
[BlackFideId "6205003"]
[WhiteElo "2174"]
[BlackElo "1832"]
[Result "0-1"]
[Round "10"]
[TimeControl "180+1"]
[Date "2022.04.26"]
[WhiteClock "0:00:08"]
[BlackClock "0:00:06"]

1. c4 Nf6 2. Nc3 g6 3. e4 d6 4. d4 Bg7 5. Be2 O-O 6. Bg5 c5 7. d5 h6 8. Bf4 e6 9. Qd2 exd5 10. exd5 g5 11. Be3 Bf5 12. h4 Nh7 13. hxg5 hxg5 14. Nh3 Bf6 15. Bd3 Bxd3 16. Qxd3 Re8 17. O-O-O Nd7 18. Nxg5 Nxg5 19. f4 Bxc3 20. fxg5 Bg7 21. Qh7+ Kf8 22. Bf4 Qb6 23. b3 Qa6 24. Kb1 Ne5 25. Rdf1 Nxc4 26. Qf5 Na3+ 27. Kc1 Re7 28. Rh7 Qxf1+ 29. Kd2 Re2+ 30. Kd3 Re5+ 31. Kd2 Rxf5 0-1


[Site "https://www.chess.com"]

[Event "Titled Tuesday Blitz April 26 Early 2022"]
[White "Schekachikhin, Maksim"]
[Black "Vagman, Roy"]
[WhiteFideId "24177830"]
[BlackFideId "2828995"]
[WhiteElo "2230"]
[BlackElo "1927"]
[Result "1-0"]
[Round "10"]
[TimeControl "180+1"]
[Date "2022.04.26"]
[WhiteClock "0:00:11"]
[BlackClock "0:00:08"]

1. d4 Nf6 2. c4 g6 3. Nc3 Bg7 4. e4 d6 5. Nf3 O-O 6. Be2 e5 7. O-O Nc6 8. d5 Ne7 9. b4 a5 10. bxa5 Rxa5 11. a4 Nd7 12. Nd2 Nc5 13. Ba3 b6 14. Bb4 Ra8 15. a5 bxa5 16. Rxa5 Rxa5 17. Bxa5 f5 18. Nb5 Na6 19. Qc2 fxe4 20. Nxe4 Nf5 21. Bd3 Nd4 22. Nxd4 exd4 23. c5 Nxc5 24. Nxc5 dxc5 25. Qxc5 Be5 26. g3 Bh3 27. Re1 Qf6 28. Qc2 Qf3 29. Be4 Qa3 30. Bxc7 Bxc7 31. Qxc7 Qb2 32. Qc2 Qb4 33. Rc1 Rc8 34. Qd1 Rxc1 35. Qxc1 Qc3 36. Qb1 Kg7 37. d6 Qc5 38. Qb7+ Kh6 39. Qc6 Qb4 40. Qc1+ g5 41. f4 Qxd6 42. fxg5+ Kg7 43. Qf4 Qxf4 44. gxf4 h6 45. Kf2 hxg5 46. fxg5 Be6 47. Kg3 Bc4 48. Kf4 Bb5 49. h4 Ba6 50. Bc2 d3 51. Bd1 Kg6 52. Ke3 Kf5 53. Bf3 Bb5 54. Be4+ Kg4 55. Bxd3 Be8 56. Ke4 Bg6+ 57. Kd4 Be8 58. Ke5 Kxh4 59. Kf6 Kh5 60. Be2+ Kh4 61. Bd1 Kg3 62. Bc2 Kf4 63. Bg6 Bb5 64. Bc2 Be2 65. g6 Bc4 66. g7 Kg4 67. Bg6 Kf4 68. Bf7 Bd3 69. g8=Q Bh7 70. Qxh7 Kg4 71. Qh5+ Kg3 72. Kf5 Kf2 73. Qh3 Kg1 74. Qe3+ Kh1 75. Qe2 Kg1 76. Kf4 Kh1 77. Bd5+ Kg1 78. Qg2# 1-0


[Site "https://www.chess.com"]

[Event "Titled Tuesday Blitz April 26 Early 2022"]
[White "Seifert, Henryk"]
[Black "Pires, Marcos Vinicius Torsani"]
[WhiteFideId "1100963"]
[BlackFideId "2118939"]
[WhiteElo "2120"]
[BlackElo "2273"]
[Result "0-1"]
[Round "10"]
[TimeControl "180+1"]
[Date "2022.04.26"]
[WhiteClock "0:00:01"]
[BlackClock "0:00:37"]

1. e4 d5 2. exd5 Qxd5 3. Nc3 Qd8 4. d4 c6 5. Bc4 Bf5 6. Qf3 e6 7. Nge2 Nf6 8. h3 Bxc2 9. O-O Be7 10. Re1 O-O 11. Bg5 h6 12. Bh4 Nbd7 13. Nf4 Nd5 14. Bxe7 Nxe7 15. Rac1 Bf5 16. g4 Bh7 17. Ne4 Nd5 18. Nh5 Bxe4 19. Qxe4 N7f6 20. Nxf6+ Qxf6 21. Bxd5 cxd5 22. Qe5 Qxe5 23. dxe5 Rac8 24. f4 Rfd8 25. Kf2 Kf8 26. Ke3 Ke7 27. Kd4 b5 28. b3 a5 29. f5 Kd7 30. fxe6+ Kxe6 31. Rf1 b4 32. Rfe1 a4 33. h4 axb3 34. axb3 h5 35. gxh5 Rh8 36. Rxc8 Rxc8 37. Rg1 Rh8 0-1


[Site "https://www.chess.com"]

[Event "Titled Tuesday Blitz April 26 Early 2022"]
[White "Seo, Jung Min"]
[Black "Nguyen, Hong Anh"]
[WhiteFideId "1734687"]
[BlackFideId "12406732"]
[WhiteElo "2401"]
[BlackElo "2016"]
[Result "1-0"]
[Round "10"]
[TimeControl "180+1"]
[Date "2022.04.26"]
[WhiteClock "0:01:08"]
[BlackClock "0:00:15"]

1. e4 c5 2. Nf3 Nc6 3. Bb5 g6 4. O-O Bg7 5. Re1 Nf6 6. c3 O-O 7. d4 d5 8. e5 Ne4 9. Bxc6 bxc6 10. Be3 Rb8 11. Qc1 cxd4 12. cxd4 Qb6 13. b3 Bg4 14. Nfd2 c5 15. dxc5 Qc7 16. f4 f6 17. Nxe4 dxe4 18. Qc4+ Kh8 19. Qxe4 fxe5 20. fxe5 Bf5 21. Qh4 Qxe5 22. Nd2 Qc3 23. Nf3 Rb4 24. Qf2 Re4 25. Rac1 Qa5 26. Bd4 e5 27. Bxe5 Rxe1+ 28. Rxe1 Bxe5 29. Nxe5 Kg8 30. Nc6 Qc7 31. Ne7+ Kg7 32. Qd4+ Kh6 33. Qe3+ Kg7 34. Qd4+ Kh6 35. h3 Bc8 36. Nd5 Qg3 37. Qe3+ Qxe3+ 38. Rxe3 Rd8 39. Ne7 Rd1+ 40. Kh2 Ba6 41. c6 Rc1 42. a4 Rc2 43. b4 Bf1 44. b5 Bxg2 45. Kg1 Rc4 46. Kxg2 1-0


[Site "https://www.chess.com"]

[Event "Titled Tuesday Blitz April 26 Early 2022"]
[White "Shankland, Sam"]
[Black "Yeremyan, Alen"]
[WhiteFideId "2004887"]
[BlackFideId "13308998"]
[WhiteElo "2618"]
[BlackElo "2158"]
[Result "1-0"]
[Round "10"]
[TimeControl "180+1"]
[Date "2022.04.26"]
[WhiteClock "0:01:46"]
[BlackClock "0:00:27"]

1. d4 Nf6 2. c4 g6 3. Nc3 d5 4. Nf3 Bg7 5. Qb3 dxc4 6. Qxc4 O-O 7. e4 Bg4 8. Be3 Bxf3 9. gxf3 Nc6 10. Rd1 e6 11. h4 Nh5 12. f4 Bh6 13. Ne2 Qf6 14. e5 Qe7 15. Bg2 Qd7 16. d5 exd5 17. Qxd5 Qe8 18. Qe4 Ne7 19. Bf3 Ng7 20. h5 Ngf5 21. hxg6 fxg6 22. Bc5 c6 23. Ng3 Bg7 24. Nxf5 Rxf5 25. Bg4 Rf8 26. Be6+ Kh8 27. Bxe7 Qxe7 28. Qxg6 h6 29. Rd7 Qb4+ 30. Kf1 Qb5+ 31. Kg2 Rg8 32. Rxh6+ 1-0


[Site "https://www.chess.com"]

[Event "Titled Tuesday Blitz April 26 Early 2022"]
[White "Sharapov, Evgeny"]
[Black "Aradhya, Garg"]
[WhiteFideId "14103133"]
[BlackFideId "25006746"]
[WhiteElo "2538"]
[BlackElo "2739"]
[Result "1/2-1/2"]
[Round "10"]
[TimeControl "180+1"]
[Date "2022.04.26"]
[WhiteClock "0:00:29"]
[BlackClock "0:00:55"]

1. e4 e5 2. Nf3 Nc6 3. Nc3 Nf6 4. g3 d5 5. exd5 Nxd5 6. Bg2 Bg4 7. O-O Be7 8. h3 Nxc3 9. bxc3 Bh5 10. Re1 O-O 11. g4 Bg6 12. Nxe5 Nxe5 13. Rxe5 Bf6 14. Re1 Rb8 15. d4 Qd6 16. a4 c5 17. Ba3 b6 18. dxc5 Qxd1 19. Raxd1 Bxc3 20. Re3 Bxc2 21. Rc1 Bd2 22. Rxc2 Bxe3 23. fxe3 bxc5 24. Rxc5 Rfc8 25. Bd5 Rxc5 26. Bxc5 Rb1+ 27. Kf2 Ra1 28. Bxa7 Rxa4 29. Bd4 Kf8 30. Kf3 Ra5 31. Ke4 f6 32. h4 Ke7 33. Bg8 h5 34. Kf4 g5+ 35. hxg5 Rxg5 36. Bc4 Rxg4+ 37. Kf3 Rg5 38. Ba6 h4 39. Bc8 Kf7 40. e4 Kg6 41. Bf5+ Rxf5+ 42. exf5+ Kxf5 43. Bf2 Kg5 44. Bxh4+ Kxh4 45. Kf4 Kh3 46. Kf5 Kg2 47. Kxf6 1/2-1/2


[Site "https://www.chess.com"]